 Dungeon Crawl Stone Soup version 0.31-a0-188-g5e087ee2ca (webtiles) character file.

Game seed: 3652313790634125025

14368 qw the Markself (level 11, -1/63 HPs)
             Began as a Deep Elf Hunter on June 22, 2023.
             Was an Elder of Okawaru.
             Killed from afar by a rime drake (22 damage)
             ... with an icy flash freeze
             ... on level 2 of the Lair of Beasts.
             The game lasted 00:04:03 (8876 turns).

qw the Markself (Deep Elf Hunter)                   Turns: 8876, Time: 00:04:04

Health: -1/63      AC: 13    Str: 17    XL:     11   Next: 87%
Magic:  27/27      EV: 29    Int: 15    God:    Okawaru [****..]
Gold:   361        SH:  5    Dex: 32    Spells: 10/10 levels left

rFire   . . .        b - +8 hand crossbow of the Dungeon {heavy, Fly rC- Dex+5}
rCold   x . .        (no shield)
rNeg    . . .        e - +0 swamp dragon scales
rPois   +            (no helmet)
rElec   .            c - +0 cloak
rCorr   .            y - +0 pair of gloves {Dex+3}
SInv    +            n - +0 pair of boots
Will    +....        k - amulet of reflection
Stlth   ++++         t - ring "Umett" {MP+9 Str+5 SInv}
HPRegen 1.10/turn    r - +6 ring of dexterity
MPRegen 0.20/turn

%: reflection, clarity
@: heroic, flying
A: hooves 1, clarity, regeneration 1
a: Renounce Religion, Heroism, Finesse


You were on level 2 of the Lair of Beasts.
You worshipped Okawaru.
Okawaru was greatly pleased with you.
You visited 3 branches of the dungeon, and saw 12 of its levels.
You also visited: Ossuary.

You collected 743 gold pieces.
You spent 382 gold pieces at shops.


Innate Abilities, Weirdness & Mutations

You have large cloven feet.
You possess an exceptional clarity of mind.
Your natural rate of healing is unusually fast.


   Skills:
 + Level 5.0(10.0) Fighting
 - Level 18.0(23.0) Ranged Weapons
 - Level 3.0(8.0) Armour
 - Level 12.0(17.0) Dodging
 - Level 1.2(6.2) Stealth
 + Level 7.2 Invocations


You had 10 spell levels left.
You didn't know any spells.
Your spell library was empty.

Inventory:

Hand Weapons
 b - the +8 hand crossbow of the Dungeon (weapon) {heavy, Fly rC- Dex+5}
   (You acquired it on level 3 of the Dungeon)

   Dex:       It affects your dexterity (+5).
   rC:        It makes you vulnerable to cold.
   Fly:       It grants you flight.
Armour
 c - a +0 cloak (worn)
 e - +0 swamp dragon scales (worn)
 i - a +1 scale mail of fire resistance
 n - a +0 pair of boots (worn)
 x - the +2 robe "Suigaiq" {Contam Str+5 Dex+2 SInv}
   (You bought it in a shop on level 8 of the Dungeon)

   Str:       It affects your strength (+5).
   Dex:       It affects your dexterity (+2).
   SInv:      It lets you see invisible.
   Contam:    It causes magical contamination when unequipped.
 y - a +0 pair of gloves of dexterity (worn)
Jewellery
 k - an amulet of reflection (around neck)
 r - a +6 ring of dexterity (right hand)
 t - the ring "Umett" (left hand) {MP+9 Str+5 SInv}
   (You found it on level 8 of the Dungeon)

   [ring of see invisible]

   Str:       It affects your strength (+5).
   MP:        It affects your magic capacity (+9).
   SInv:      It lets you see invisible.
Scrolls
 h - 4 scrolls of identify
 o - 2 scrolls of teleportation
Potions
 a - a potion of resistance
 d - 12 potions of curing
 f - 2 potions of cancellation
 g - a potion of heal wounds
 j - 2 potions of enlightenment
 l - a potion of might
 m - 6 potions of haste

Dungeon Overview and Level Annotations

Branches:
Dungeon (9/15)             Temple (1/1) D:4            Lair (2/5) D:9
Ossuary (visited)
  Swamp: Lair:2-3    Shoals: Lair:2-3     Snake: Lair:2-3    Spider: Lair:2-3
    Orc: D:9-12

Altars:
Ashenzari
Cheibriados
Dithmenos
Elyvilon
Fedhas
Gozag
Hepliaklqana
Kikubaaqudgha
Makhleb
Nemelex Xobeh
Okawaru
Qazlal
Ru
Sif Muna
Trog
Uskayaw
Vehumet
Wu Jian
Xom
Yredelemnul
Zin
The Shining One

Shops:
D:5 *   D:8 [

Annotations:
D:3 1 runed translucent door, Crazy Yiuf


Message History

The icy flash freeze hits you!
You feel a painful chill!
You are encased in ice.
The wolf closely misses you. The wolf completely misses you.
The wolf misses you. x2
Your base Armour skill increases to level 3!
You shoot a bolt. The bolt hits the wolf!
The wolf is moderately wounded.
The wolf misses you. The wolf completely misses you. The wolf misses you.
The wolf closely misses you. x2; The wolf misses you.
The rime drake completely misses you. The wolf completely misses you. x2
The wolf bites you but does no damage. You block the wolf's attack.
The wolf completely misses you. x2; The rime drake completely misses you.
The wolf completely misses you. The wolf closely misses you.
You block the wolf's attack. The wolf closely misses you.
You shoot a bolt. The bolt closely misses the wolf.
The ice encasing you melts away. The wolf misses you.
You block the wolf's attack. The wolf bites you but does no damage.
The wolf completely misses you. The wolf closely misses you.
The wolf completely misses you. x2
The wolf closely misses you. The rime drake closely misses you.
The wolf completely misses you. x2; The wolf closely misses you.
You block the wolf's attack. The wolf completely misses you. x2
The rime drake bites you but does no damage.
You shoot a bolt. The bolt closely misses the wolf.
The wolf misses you. The wolf completely misses you.
The wolf barely misses you. The wolf closely misses you.
You block the wolf's attack. The wolf completely misses you.
The wolf barely misses you. The wolf misses you.
You block the wolf's attack. x2; The wolf completely misses you.
The wolf misses you. The rime drake bites you.
The wolf completely misses you. x2
The wolf misses you. The wolf completely misses you. The wolf bites you.
You shoot a bolt. The bolt hits the wolf!!!
You kill the wolf!
Okawaru accepts your kill. The wolf closely misses you.
The wolf completely misses you.
The wolf bites you but does no damage. x2; The rime drake misses you.
The wolf bites you but does no damage. The wolf closely misses you.
The wolf misses you. x2; The wolf bites you but does no damage.
The rime drake breathes ice at you. The icy flash freeze hits you!!
You feel a painful chill!
You die...

## #.........#
#####.........##
.................
..........$......
.................
.................
#......hh%......
..
.......h@h....#
.. ..##..kh....##
.# ##.......P# ##
#........## .#
#P........#
##.......##
#........#
##......%## ...#
#.......P#


You could see a rime drake (catching breath) and 5 wolves.

Vanquished Creatures
  A hydra (Lair:1)
  A two-headed ogre (D:9)
  An obsidian statue (D:8)
  Pikel (D:6)
  An oklob plant (Lair:1)
  A black mamba (Lair:1)
  3 elephants (Lair:1)
  An ice statue (D:8)
  5 cane toads
  A rime drake (Lair:1)
  A komodo dragon (Lair:2)
  A hornet (D:8)
  13 yaks (D:9)
  A shadow (D:9)
  A wyvern (Lair:1)
  2 basilisks (Lair:1)
  2 steam dragons
  A water moccasin (Lair:1)
  Duvessa (D:7)
  2 ice beasts
  4 orc warriors (D:9)
  A black bear (D:5)
  2 ogres
  A centaur (D:8)
  12 wolves
  A phantom (D:5)
  2 lemures (D:6)
  2 kobold brigands
  5 elf skeletons (D:7)
  2 elf zombies (D:7)
  2 gnoll sergeants
  6 bullfrogs
  A scorpion (D:6)
  5 water moccasin zombies (Ossuary)
  Dowan (D:7)
  6 killer bees (D:9)
  A crimson imp (D:5)
  5 hounds
  A gnoll bouda (D:6)
  7 orc priests
  A human skeleton (D:7)
  2 sleepcaps
  4 iguanas
  8 orc wizards
  5 hell rats (Lair:1)
  2 mummies (Ossuary)
  13 gnolls
  14 river rats (Lair:1)
  5 adders
  A shadow imp (D:6)
  3 white imps
  An ufetubus (D:7)
  6 adder zombies (Ossuary)
  3 worms
  2 dart slugs (D:5)
  49 orcs
  13 ball pythons
  10 endoplasms
  A giant cockroach (D:1)
  8 goblins
  5 hobgoblins
  5 jackals
  11 quokkas
  6 bats
  5 frilled lizards
  3 gnoll zombies (Ossuary)
  4 hobgoblin zombies (Ossuary)
  18 kobolds
  6 kobold zombies (Ossuary)
  An orc skeleton (D:7)
  3 orc zombies (Ossuary)
  15 rats
341 creatures vanquished.

Notes
Turn   | Place    | Note
-------+----------+-------------------------------------------
     0 | D:1      | qw the Deep Elf Hunter began the quest for the Orb.
     0 | D:1      | Reached XP level 1. HP: 12/12 MP: 3/3
     0 | D:1      | 0 ||| qw: Version: 0.3-a-9-g12657ce
     0 | D:1      | 0 ||| qw: Game counter: 2844
     0 | D:1      | 0 ||| qw: Always use a shield: true
     0 | D:1      | 0 ||| qw: God list: Okawaru
     0 | D:1      | 0 ||| qw: Allow faded altars: false
     0 | D:1      | 0 ||| qw: Do Orc after D:15 true
     0 | D:1      | 0 ||| qw: Do second Lair branch before Depths: true
     0 | D:1      | 0 ||| qw: Lair rune preference: random
     0 | D:1      | 0 ||| qw: Plans: Normal
     0 | D:1      | 0 ||| PLANNING D:1-11
    97 | D:1      | Reached XP level 2. HP: 16/16 MP: 4/4
   101 | D:1      | Reached skill level 6 in Ranged Weapons
   219 | D:1      | Found a faded altar of an unknown god.
   456 | D:1      | Reached XP level 3. HP: 13/20 MP: 5/5
   549 | D:1      | 549 ||| UPGRADING to +0 ring mail.
   559 | D:1      | 559 ||| DROPPING +0 leather armour.
   560 | D:1      | 560 ||| READING scroll labelled YNTIQU AM MAX.
   561 | D:1      | 561 ||| READING scroll labelled VEGECZ INIETOA.
   562 | D:1      | 562 ||| READING 3 scrolls labelled YWEUNG SEGGEH.
   563 | D:1      | 563 ||| READING scroll labelled HOSOTEDOUP.
   568 | D:1      | 568 ||| READING 2 scrolls of identify.
   568 | D:1      | 568 ||| IDENTIFYING white potion
   569 | D:1      | 569 ||| DROPPING scroll of butterflies.
   789 | D:2      | Reached skill level 7 in Ranged Weapons
   802 | D:2      | Identified the +7 sling of Sighut {drain, Will+ rCorr
                  | Str+3}
   804 | D:2      | 804 ||| SWAPPING to +7 sling of Sighut {drain, Will+ rCorr
                  | Str+3}.
   805 | D:2      | 805 ||| DROPPING +0 shortbow.
  1192 | D:2      | Reached XP level 4. HP: 25/25 MP: 6/6
  1248 | D:2      | 1248 ||| DROPPING amulet of magic regeneration.
  1249 | D:2      | 1249 ||| READING 2 scrolls of identify.
  1249 | D:2      | 1249 ||| IDENTIFYING fizzy blue potion
  1481 | D:3      | Reached skill level 8 in Ranged Weapons
  1740 | D:3      | Reached XP level 5. HP: 29/29 MP: 7/7
  1841 | D:3      | Found a runed translucent door.
  1842 | D:3      | Noticed Crazy Yiuf
  2076 | D:3      | 2076 ||| READING scroll labelled ZOCUUTZAWIU.
  2077 | D:3      | 2077 ||| READING scroll labelled TARIUD FAYLUDD.
  2077 | D:3      | Identified a scroll of acquirement
  2077 | D:3      | 2077 ||| ACQUIRING +8 hand crossbow of the Dungeon {heavy,
                  | Fly rC- Dex+5}
  2077 | D:3      | Acquired the +8 hand crossbow of the Dungeon {heavy, Fly
                  | rC- Dex+5}
  2079 | D:3      | 2079 ||| SWAPPING to +8 hand crossbow of the Dungeon
                  | {heavy, Fly rC- Dex+5}.
  2080 | D:3      | 2080 ||| DROPPING +7 sling of Sighut {drain, Will+ rCorr
                  | Str+3}.
  2081 | D:3      | 2081 ||| READING scroll labelled KUIFEUSASCH.
  2082 | D:3      | 2082 ||| DRINKING 2 sapphire potions.
  2083 | D:3      | 2083 ||| DRINKING 2 sedimented green potions.
  2084 | D:3      | 2084 ||| READING 3 scrolls of identify.
  2084 | D:3      | 2084 ||| IDENTIFYING red potion
  2085 | D:3      | 2085 ||| READING 2 scrolls of identify.
  2085 | D:3      | 2085 ||| IDENTIFYING golden potion
  2086 | D:3      | 2086 ||| DROPPING potion of attraction.
  2087 | D:3      | 2087 ||| DROPPING potion of lignification.
  2240 | D:4      | Reached skill level 9 in Ranged Weapons
  2346 | D:4      | Identified the +6 quarterstaff "Hydraslayer" {heavy, *Slow
                  | rPois MP+9 Dex+7}
  2409 | D:4      | 2409 ||| Stepping ~*~*~tactically~*~*~ (outnumbered).
  2411 | D:4      | Reached skill level 3 in Dodging
  2500 | D:4      | Reached XP level 6. HP: 35/35 MP: 8/8
  2710 | D:4      | 2710 ||| UPGRADING to +0 cloak.
  2715 | D:4      | 2715 ||| UPGRADING to +0 pair of gloves.
  2720 | D:4      | 2720 ||| UPGRADING to +0 pair of boots.
  2725 | D:4      | 2725 ||| UPGRADING to ring of resist corrosion.
  2726 | D:4      | 2726 ||| READING scroll labelled CISEBO COGGOW.
  2767 | D:5      | Entered Level 5 of the Dungeon
  3008 | D:5      | Reached skill level 10 in Ranged Weapons
  3008 | D:5      | Reached XP level 7. HP: 40/40 MP: 9/9
  3015 | D:5      | 3015 ||| DRINKING 2 pink potions.
  3016 | D:5      | 3016 ||| DRINKING 2 bubbling red potions.
  3017 | D:5      | 3017 ||| READING 3 scrolls of identify.
  3017 | D:5      | 3017 ||| IDENTIFYING metallic ruby potion
  3018 | D:5      | 3018 ||| DROPPING potion of brilliance.
  3025 | D:5      | 3025 ||| FLEEEEING.
  3026 | D:5      | 3026 ||| STAIRDANCE
  3073 | D:5      | 3073 ||| STAIRDANCE
  3075 | D:4      | Found a staircase to the Ecumenical Temple.
  3076 | D:4      | 3076 ||| PLANNING TEMPLE
  3081 | D:4      | 3081 ||| UPGRADING to amulet of reflection.
  3088 | Temple   | Entered the Ecumenical Temple
  3089 | Temple   | 3089 ||| PLANNING OKAWARU WORSHIP
  3343 | Temple   | Became a worshipper of Warmaster Okawaru
  3344 | Temple   | 3344 ||| PLANNING D:1-11
  3583 | D:5      | Found Jets's Elemental Accessories.
  3781 | D:5      | 3781 ||| DROPPING +6 ring of intelligence.
  3782 | D:5      | 3782 ||| UPGRADING to +6 ring of dexterity.
  3783 | D:5      | 3783 ||| READING scroll labelled ZIOR DERGHU.
  3785 | D:5      | 3785 ||| Stepping ~*~*~tactically~*~*~ (cloud).
  3889 | D:6      | 3889 ||| FLEEEEING.
  3890 | D:6      | 3890 ||| STAIRDANCE
  3967 | D:6      | Reached skill level 11 in Ranged Weapons
  4024 | D:6      | Reached * piety under Okawaru
  4025 | D:6      | Reached XP level 8. HP: 29/44 MP: 10/10
  4290 | D:6      | 4290 ||| INVOKING Heroism.
  4310 | D:6      | Found a broken altar of Ashenzari.
  4373 | D:6      | Reached skill level 12 in Ranged Weapons
  4373 | D:6      | Reached skill level 1 in Invocations
  4538 | D:6      | Noticed Pikel
  4539 | D:6      | 4539 ||| INVOKING Heroism.
  4545 | D:6      | Killed Pikel
  4546 | D:6      | Reached skill level 3 in Fighting
  4653 | D:6      | 4653 ||| READING 4 scrolls of identify.
  4653 | D:6      | 4653 ||| IDENTIFYING fuming purple potion
  4654 | D:6      | 4654 ||| READING 3 scrolls of identify.
  4654 | D:6      | 4654 ||| IDENTIFYING fizzy inky potion
  4655 | D:6      | 4655 ||| DROPPING potion of ambrosia.
  4696 | D:7      | 4696 ||| PLANNING OSSUARY
  4696 | D:7      | 4696 ||| INVOKING Heroism.
  4727 | D:7      | Noticed Duvessa
  4727 | D:7      | Noticed Dowan
  4728 | D:7      | 4728 ||| INVOKING Heroism.
  4729 | D:7      | Killed Dowan
  4732 | D:7      | Killed Duvessa
  4733 | D:7      | Reached XP level 9. HP: 52/52 MP: 12/14
  4821 | D:7      | 4821 ||| Stepping ~*~*~tactically~*~*~ (outnumbered).
  4895 | D:7      | 4895 ||| INVOKING Heroism.
  4916 | D:7      | Reached skill level 6 in Dodging
  5064 | D:7      | 5064 ||| INVOKING Heroism.
  5066 | D:7      | Reached skill level 13 in Ranged Weapons
  5254 | D:7      | Found a sand-covered staircase.
  5259 | D:7      | Reached skill level 14 in Ranged Weapons
  5265 | D:7      | 5265 ||| READING scroll labelled AROITECRAH.
  5266 | D:7      | 5266 ||| READING scroll labelled WIMASM FOYLOB.
  5267 | D:7      | 5267 ||| DRINKING 2 silvery potions.
  5268 | D:7      | 5268 ||| DROPPING potion of invisibility.
  5272 | Ossuary  | Entered an ossuary
  5391 | Ossuary  | Reached ** piety under Okawaru
  5441 | Ossuary  | 5441 ||| READING scroll labelled GEVVEO OHIATUY.
  5442 | Ossuary  | 5442 ||| READING scroll labelled TOSYTA DUOMN.
  5543 | Ossuary  | 5543 ||| DRINKING 2 green potions.
  5544 | Ossuary  | 5544 ||| DROPPING potion of degeneration.
  5552 | D:7      | 5552 ||| PLANNING D:1-11
  5617 | D:7      | 5617 ||| READING 3 scrolls of identify.
  5617 | D:7      | 5617 ||| IDENTIFYING sedimented ruby potion
  5696 | D:8      | Identified the ring "Umett" {MP+9 Str+5 SInv}
  5806 | D:8      | 5806 ||| INVOKING Heroism.
  5853 | D:8      | Identified the +1 leather armour of Socimuoxom {rElec
                  | rPois}
  5991 | D:8      | Found Guosuq's Antique Armour Shoppe.
  5996 | D:8      | 5996 ||| INVOKING Heroism.
  5997 | D:8      | HP: 4/52 [hornet (11)]
  5998 | D:8      | 5998 ||| READING 2 scrolls of teleportation.
  5999 | D:8      | 5999 ||| DRINKING 2 potions of heal wounds.
  6108 | D:8      | Found a shimmering blue altar of Sif Muna.
  6180 | D:8      | Noticed an ice statue
  6181 | D:8      | 6181 ||| INVOKING Heroism.
  6182 | D:8      | Killed an ice statue
  6183 | D:8      | Reached skill level 15 in Ranged Weapons
  6228 | D:8      | Noticed an obsidian statue
  6229 | D:8      | 6229 ||| INVOKING Heroism.
  6230 | D:8      | 6230 ||| Stepping ~*~*~tactically~*~*~ (outnumbered).
  6243 | D:8      | Noticed a sixfirhy
  6245 | D:8      | Noticed a sixfirhy
  6249 | D:8      | 6249 ||| INVOKING Heroism.
  6252 | D:8      | Noticed a red devil
  6254 | D:8      | Killed an obsidian statue
  6255 | D:8      | Reached XP level 10. HP: 45/58 MP: 13/15
  6390 | D:8      | Found a sparkling altar of Nemelex Xobeh.
  6396 | D:8      | 6396 ||| BUYING faintly glowing robe (165 gold).
  6396 | D:8      | Bought a faintly glowing robe for 165 gold pieces
  6396 | D:8      | Identified the +2 robe "Suigaiq" {Contam Str+5 Dex+2 SInv}
                  | (You bought it in a shop on level 8 of the Dungeon)
  6396 | D:8      | 6396 ||| BUYING pair of embroidered gloves (217 gold).
  6396 | D:8      | Bought a pair of embroidered gloves for 217 gold pieces
  6396 | D:8      | 6396 ||| SHOPLISTING spiked scale mail (261 gold, have
                  | 102).
  6433 | D:8      | 6433 ||| UPGRADING to +1 leather armour of Socimuoxom
                  | {rElec rPois}.
  6443 | D:8      | 6443 ||| DROPPING +0 ring mail.
  6444 | D:8      | 6444 ||| UPGRADING to +2 robe "Suigaiq" {Contam Str+5 Dex+2
                  | SInv}.
  6454 | D:8      | 6454 ||| UPGRADING to +0 pair of gloves of dexterity.
  6464 | D:8      | 6464 ||| DROPPING +0 pair of gloves.
  6465 | D:8      | 6465 ||| DROPPING amulet of guardian spirit.
  6466 | D:8      | 6466 ||| READING scroll labelled UCWAOTHRA PUETS.
  6562 | D:8      | 6562 ||| READING scroll labelled BAEDI JAHO.
  6715 | D:9      | 6715 ||| INVOKING Heroism.
  6718 | D:9      | Reached skill level 9 in Dodging
  7090 | D:8      | 7090 ||| Stepping randomly (stuck).
  7172 | D:9      | Found a staircase to the Lair.
  7214 | D:9      | Reached skill level 16 in Ranged Weapons
  7247 | D:9      | 7247 ||| INVOKING Heroism.
  7320 | D:9      | 7320 ||| INVOKING Heroism.
  7383 | D:9      | Reached *** piety under Okawaru
  7457 | D:9      | 7457 ||| INVOKING Heroism.
  7477 | D:9      | 7477 ||| Stepping ~*~*~tactically~*~*~ (outnumbered).
  7602 | D:9      | Noticed a two-headed ogre
  7603 | D:9      | 7603 ||| INVOKING Heroism.
  7606 | D:9      | Killed a two-headed ogre
  7607 | D:9      | Reached skill level 17 in Ranged Weapons
  7607 | D:9      | Reached XP level 11. HP: 62/62 MP: 13/16
  7647 | D:9      | 7647 ||| READING scroll labelled DIREODYTRA.
  7668 | D:8      | 7668 ||| PLANNING LAIR
  7695 | Lair:1   | Entered Level 1 of the Lair of Beasts
  7696 | Lair:1   | 7696 ||| INVOKING Heroism.
  7716 | Lair:1   | 7716 ||| INVOKING Heroism.
  7781 | Lair:1   | 7781 ||| INVOKING Heroism.
  7799 | Lair:1   | Reached **** piety under Okawaru
  7811 | Lair:1   | Noticed an oklob plant
  7812 | Lair:1   | 7812 ||| INVOKING Heroism.
  7814 | Lair:1   | Killed an oklob plant
  7840 | Lair:1   | 7840 ||| INVOKING Heroism.
  7888 | Lair:1   | Reached skill level 18 in Ranged Weapons
  8200 | Lair:1   | 8200 ||| INVOKING Heroism.
  8204 | Lair:1   | Reached skill level 6 in Invocations
  8222 | Lair:1   | Noticed a six-headed hydra
  8224 | Lair:1   | 8224 ||| INVOKING Heroism.
  8226 | Lair:1   | Killed a six-headed hydra
  8314 | Lair:1   | Reached skill level 12 in Dodging
  8641 | Lair:1   | 8641 ||| UPGRADING to +0 swamp dragon scales.
  8651 | Lair:1   | 8651 ||| DROPPING +1 leather armour of Socimuoxom {rElec
                  | rPois}.
  8652 | Lair:1   | 8652 ||| UPGRADING to ring "Umett" {MP+9 Str+5 SInv}.
  8664 | Lair:1   | Gained mutation: You sometimes lose your temper in combat.
                  | [mutagenic glow]
  8698 | Lair:1   | 8698 ||| DRINKING potion of mutation.
  8698 | Lair:1   | Lost mutation: You sometimes lose your temper in combat.
                  | [potion of mutation]
  8698 | Lair:1   | Gained mutation: Your natural rate of healing is unusually
                  | fast. [potion of mutation]
  8698 | Lair:1   | Gained mutation: You possess an exceptional clarity of
                  | mind. [potion of mutation]
  8698 | Lair:1   | Gained mutation: You have large cloven feet. [potion of
                  | mutation]
  8699 | Lair:1   | 8699 ||| DROPPING ring of resist corrosion.
  8826 | Lair:2   | 8826 ||| INVOKING Heroism.
  8869 | Lair:2   | 8869 ||| INVOKING Heroism.
  8873 | Lair:2   | Reached skill level 3 in Armour
  8876 | Lair:2   | Killed from afar by a rime drake

Levels and vault maps discovered:
D:1:      wander_arrival_abandoned_jail, layout_rooms,
          hellmonk_ecumenical_altar_run_dry
D:2:      layout_loops_ring, kennysheep_generic_room_8
D:3:      layout_loops_ring, nrook_mini_vaults, minmay_misc_feat_tiny,
          chequers_serial_rivers_micro_c, minmay_quadrilaterals,
          uniq_crazy_yiuf_cottage
D:4:      layout_loops_ring, minmay_temple_entry_from_below_a
D:5:      layout_basic, nicolae_elemental_shop, minmay_fire_ice_demons
D:6:      layout_rooms, mainiacjoe_overflow_surrounded_room, serial_aquarium,
          aquarium_bridge_long_joined [aquarium_subvault_bridge,
          aquarium_subvault_bridge, aquarium_subvault_window,
          aquarium_subvault_bridge, aquarium_subvault_balcony,
          aquarium_subvault_wall], aquarium_bridge_square
          [aquarium_subvault_bridge, aquarium_subvault_wall,
          aquarium_subvault_wall, aquarium_subvault_wall],
          aquarium_window_corridor_2, aquarium_window_corner, aquarium_window_1,
          aquarium_window_fake, aquarium_view_2d, aquarium_view_2a,
          aquarium_balcony_double_3, aquarium_pool_corner,
          nicolae_grassy_gnolls, uniq_pikel
D:7:      layout_basic, nicolae_ossuary_entry_catacombs, uniq_duvessa
D:8:      minmay_separated_statues, layout_gridville, lemuel_tele_altar,
          nicolae_overflow_hidden_temple, serial_shops, shop
D:9:      layout_gridville, dpeg_oklobed_lair, special_room [special_room_orc]
Temple:   compressed_dpeg_triangle_lava_temple
Lair:1:   lemuel_ratsnest, layout_loops_ring, serial_bayou_shore_b
Lair:2:   layout_hall_layers, elwin_shoals_entry_stream,
          nicolae_snake_entry_warm_welcome

Skill      XL: |  1  2  3  4  5  6  7  8  9 10 11 |
---------------+----------------------------------+-----
Ranged Weapons | 6 7 8 9 10 11 12 15 17 18 | 18.0
Dodging        | 3 5 7 10 12 | 12.0
Fighting       | 2 3 4 5 |  5.0
Armour         | 2 3 |  3.0
Invocations    | 4 7 |  7.2
Stealth        | |  1.2

Action                     |  1- 3 |  4- 6 |  7- 9 | 10-12 || total
---------------------------+-------+-------+-------+-------++-------
   Fire: Shortbow          |    94 |       |       |       ||    94
         Sling             |    14 |    53 |       |       ||    67
         Hand crossbow     |       |    35 |   183 |   213 ||   431
 Invoke: Heroism           |       |       |    11 |    14 ||    25
    Use: Scroll            |     5 |     7 |    10 |     3 ||    25
         Potion            |       |     2 |     5 |     1 ||     8
 Armour: Leather armour    |     3 |       |       |       ||     3
         Ring mail         |     2 |     4 |    23 |       ||    29
         Robe              |       |       |       |     8 ||     8
         Swamp dragon scal |       |       |       |    14 ||    14
  Dodge: Dodged            |    26 |     5 |    58 |   189 ||   278
  Block: Other             |       |       |    13 |    37 ||    50
         Reflection        |       |       |     2 |     2 ||     4

Table legend:
 A = Non-vault XP
 B = Vault XP
 C = Vault XP percentage of total XP
 D = Non-vault monster count
 E = Vault monster count
 F = Vault count percentage of total count
                 A         B        C        D         E       F
            +---------+---------+-------+---------+---------+-------
      Total |   15206 |    5439 |  26.3 |     222 |     117 |  34.5
            +---------+---------+-------+---------+---------+-------
        D:1 |      48 |       0 |   0.0 |      31 |       0 |   0.0
        D:2 |      86 |       0 |   0.0 |      19 |       0 |   0.0
        D:3 |      59 |      13 |  18.1 |      17 |       6 |  26.1
        D:4 |     177 |       0 |   0.0 |      16 |       0 |   0.0
        D:5 |     653 |      60 |   8.4 |      17 |       2 |  10.5
        D:6 |     570 |     861 |  60.2 |      12 |       6 |  33.3
        D:7 |     643 |     841 |  56.7 |      30 |      11 |  26.8
        D:8 |     672 |    1140 |  62.9 |      11 |       2 |  15.4
        D:9 |    4738 |     505 |   9.6 |      38 |      25 |  39.7
     Lair:1 |    5986 |    1541 |  20.5 |      22 |      36 |  62.1
     Lair:2 |    1574 |       0 |   0.0 |       9 |       0 |   0.0
    Ossuary |       0 |     478 | 100.0 |       0 |      29 | 100.0
            +---------+---------+-------+---------+---------+-------
